 Dungeon Crawl Stone Soup version 0.27-a0-705-ga0013940fb (webtiles) character file.

Game seed: 1069471398822372248

83 robertstho the Covered (level 4, -2/28 HPs)
             Began as a Gargoyle Fighter on Mar 22, 2021.
             Slain by Crazy Yiuf
             ... wielding a +4 quarterstaff of chaos
              (3 damage)
             ... on level 2 of the Dungeon.
             The game lasted 00:02:11 (2640 turns).

robertstho the Covered (Gargoyle Fighter)           Turns: 2640, Time: 00:02:12

Health: -2/28      AC: 10    Str: 19    XL:     4   Next: 44%
Magic:  4/4        EV:  7    Int:  9    God:
Gold:   72         SH:  9    Dex: 10    Spells: 3/3 levels left

rFire    . . .     SeeInvis .   a - +0 flail
rCold    . . .     Faith    .   c - +0 kite shield
rNeg     + . .     Spirit   .   b - +0 scale mail
rPois    ∞         Reflect  .   (no helmet)
rElec    +         Harm     .   (no cloak)
rCorr    .         Rampage  .   (no gloves)
Will     .....                  (no boots)
Stlth    ..........             (no amulet)
HPRegen  0.09/turn              (no ring)
MPRegen  0.09/turn              (no ring)

@: slowed, very slow
A: AC +3, negative energy resistance 1, electricity resistance, torment
resistance 1, unbreathing 1, petrification resistance
a: no special abilities


You were on level 2 of the Dungeon.
You visited 1 branch of the dungeon, and saw 2 of its levels.

You collected 72 gold pieces.

Inventory:

Hand Weapons
 a - a +0 flail (weapon)
Armour
 b - a +0 scale mail (worn)
 c - a +0 kite shield (worn)
Scrolls
 f - a scroll of enchant weapon {unknown}
 h - a scroll of random uselessness {unknown}
Potions
 d - 2 potions of might
 e - a potion of curing {unknown}
 g - a potion of heal wounds {unknown}
 i - a potion of cancellation {unknown}


   Skills:
 * Level 3.6 Fighting
 * Level 3.0 Maces & Flails
 * Level 4.2 Armour
 + Level 0.4 Dodging
 + Level 3.8 Shields


You had 3 spell levels left.
You didn't know any spells.
Your spell library contained the following spells:

 Spells                   Type           Power      Damage    Failure   Level
 Animate Skeleton         Necr           0%         N/A       99%         1
 Apportation              Tloc           0%         N/A       99%         1
 Corona                   Hex            0%         N/A       99%         1
 Summon Small Mammal      Summ           0%         N/A       99%         1


Dungeon Overview and Level Annotations

Branches:
Dungeon (2/15)

Altars:

Annotations:
D:2 Crazy Yiuf


Innate Abilities, Weirdness & Mutations

Your stone body is resilient. (AC +3)
You are immune to poison.
You resist negative energy. (rN+)
You are resistant to electric shocks. (rElec)
You are resistant to unholy torment.
You can survive without breathing.
You are immune to petrification.


Message History

You open the door. You hit Crazy Yiuf.
Crazy Yiuf is lightly wounded.
You block Crazy Yiuf's attack. x2
You barely miss Crazy Yiuf.
Crazy Yiuf is lightly wounded.
Crazy Yiuf hits you but does no damage.
You sock Crazy Yiuf!
Crazy Yiuf is heavily wounded.
Crazy Yiuf barely misses you. You block Crazy Yiuf's attack.
You hit Crazy Yiuf but do no damage.
Crazy Yiuf is heavily wounded.
Crazy Yiuf whimpers, "Adder song sing-song!"
Crazy Yiuf hits you with a +4 quarterstaff of chaos!
Crazy Yiuf freezes you.
You hit Crazy Yiuf but do no damage.
Crazy Yiuf is heavily wounded.
You block Crazy Yiuf's attack. x2
You barely miss Crazy Yiuf.
Crazy Yiuf is heavily wounded.
Crazy Yiuf laughs, "Rifle agre down!"
Crazy Yiuf hits you with a +4 quarterstaff of chaos.
Crazy Yiuf burns you.
You hit Crazy Yiuf.
Crazy Yiuf is severely wounded.
You block Crazy Yiuf's attack.
Crazy Yiuf hits you with a +4 quarterstaff of chaos.
You feel yourself slow down.
You barely miss Crazy Yiuf.
Crazy Yiuf is severely wounded.
You block Crazy Yiuf's attack.
Crazy Yiuf hits you with a +4 quarterstaff of chaos.
* * * LOW HITPOINT WARNING * * *
You barely miss Crazy Yiuf.
Crazy Yiuf is severely wounded.
You block Crazy Yiuf's attack.
Crazy Yiuf hits you with a +4 quarterstaff of chaos.
* * * LOW HITPOINT WARNING * * *
Crazy Yiuf burns you.
You die...

##'##### ......####
......##.#
.._...##.### #####
#..8###....# #..)#
#####....### #...#
#.#......# ...
#.##.#.### #g#
#.##.#.## ♣♣@♣
#.......# ♣.♣♣
####'≈#.# ♣♣.♣
##.≈≈≈.# ♣.♣♣
##...≈≈.# ♣♣.♣♣
#.....≈≈## ♣...♣♣
......≈≈.### ♣P.P.♣
(......≈.'.# ##..##
.......≈.#####....#


You could see Crazy Yiuf.

Vanquished Creatures
  2 adders (D:2)
  3 gnolls (D:2)
  A worm (D:2)
  A bat (D:1)
  4 goblins
  7 hobgoblins
  3 oozes
  3 quokkas
  A ball python (D:1)
  A frilled lizard (D:2)
  2 kobolds (D:1)
  4 rats
32 creatures vanquished.

Vanquished Creatures (others)
  4 plants (D:2)
4 creatures vanquished.

Grand Total: 36 creatures vanquished

Notes
Turn   | Place    | Note
-------+----------+-------------------------------------------
     0 | D:1      | robertstho the Gargoyle Fighter began the quest for the
                  | Orb.
     0 | D:1      | Reached XP level 1. HP: 14/14 MP: 1/1
   394 | D:1      | Reached XP level 2. HP: 19/19 MP: 2/2
  1109 | D:2      | Reached XP level 3. HP: 11/23 MP: 3/3
  1486 | D:2      | Reached skill level 4 in Armour
  1949 | D:2      | Reached XP level 4. HP: 28/28 MP: 4/4
  2326 | D:2      | Found a runed translucent door.
  2327 | D:2      | Noticed Crazy Yiuf
  2516 | D:2      | Found a faded altar of an unknown god.
  2640 | D:2      | HP: 1/28 [Crazy Yiuf/+4 quarterstaff of chaos (6)]
  2640 | D:2      | Slain by Crazy Yiuf

Illustrated notes

Levels and vault maps discovered:
D:1:      noname_arrival_rooms_in_the_neighbourhood, layout_basic
D:2:      layout_loops_corners, chequers_ecumenical_altar_lobes,
          hangedman_decor_points, chequers_serial_rivers_small_a,
          uniq_crazy_yiuf_cottage

Skill      XL: |  1  2  3  4 |
---------------+-------------+-----
Armour         | 4 |  4.2
Maces & Flails | 3 |  3.0
Fighting       | |  3.6
Dodging        | |  0.4
Shields        | |  3.8

Action                   |  1- 3 |  4- 6 || total
-------------------------+-------+-------++-------
Melee: Flail             |   121 |    37 ||   158
Armor: Scale mail        |    58 |     9 ||    67
Dodge: Dodged            |    34 |    11 ||    45
Block: Kite shield       |    72 |    18 ||    90

Table legend: (Time is in decaauts)
 A = Elapsed time spent in this place.
 B = Non-inter-level travel time spent in this place.
 C = Inter-level travel time spent in this place.
 D = Time resting spent in this place.
 E = Time spent auto-exploring this place.
 F = Levels seen in this place.
 G = Mean time per level.
                   A        B        C        D        E       F      G
               +--------+--------+--------+--------+--------+-----+--------+
         Total |   2723 |   2682 |     41 |    380 |   1945 |   2 | 1361.5 |
       Dungeon |   2723 |   2682 |     41 |    380 |   1945 |   2 | 1361.5 |
               +--------+--------+--------+--------+--------+-----+--------+

Top non-repeatable levels by time:
     D:2: 1605 daAuts
     D:1: 1118 daAuts
